 Dungeon Crawl Stone Soup version 0.29.0-4-gdea44cf6ec (webtiles) character file.

Game seed: 9574843338966135536

358 qw the Chopper (level 6, -15/48 HPs)
             Began as a Barachi Chaos Knight on Sept 5, 2022.
             Demolished by an ogre
             ... wielding a +0 giant club
              (19 damage)
             ... on level 4 of the Dungeon.
             The game lasted 00:01:24 (3614 turns).

qw the Chopper (Barachi Chaos Knight)               Turns: 3614, Time: 00:01:25

Health: -15/48     AC: 11    Str: 16      XL:     6   Next: 64%
Magic:  6/6        EV:  5    Int:  9 (10) God:
Gold:   161        SH:  0    Dex: 11      Spells: 5/5 levels left

rFire   . . .      SeeInvis .   Y - +2 hand axe (chaos)
rCold   . . .      Faith    .   (no shield)
rNeg    . . .      Spirit   .   j - +0 plate armour
rPois   .          Reflect  .   (no helmet)
rElec   .          Harm     .   (no cloak)
rCorr   .          Rampage  .   (no gloves)
Will    .....                   (no boots)
Stlth   ..........              a - amulet of regeneration
HPRegen 0.96/turn               (no ring)
MPRegen 0.10/turn               (no ring)

@: unable to drink, slow
A: amphibious, slowness 1, strong legs 1, +LOS, deterioration 1, dopey 1,
inability to drink after injury 1
a: Hop


You were on level 4 of the Dungeon.
You visited 1 branch of the dungeon, and saw 4 of its levels.

You collected 161 gold pieces.


Innate Abilities, Weirdness & Mutations

You are amphibious.
You cover ground slowly.
You can hop short distances.
You have an extended range of vision and can be seen from far away.
Your body sometimes deteriorates upon taking damage.
You are dopey. (Int -2)
You occasionally lose the ability to drink potions when taking damage.


   Skills:
 - Level 4.1 Fighting
 + Level 7.5 Axes
 - Level 3.0 Armour
 - Level 1.1 Dodging


You had 5 spell levels left.
You didn't know any spells.
Your spell library was empty.

Inventory:

Hand Weapons
 b - a +0 flail
 Y - a +2 hand axe of chaos (weapon)
Missiles
 p - 5 boomerangs (quivered)
Armour
 e - a +0 helmet
 j - a +0 plate armour (worn)
Jewellery
 a - an amulet of regeneration (around neck)
Scrolls
 f - a scroll of fear {unknown}
 i - 3 scrolls of identify
Potions
 d - a potion of cancellation
 g - 2 potions of might
 m - a potion of haste
Miscellaneous
 c - a piece from Xom's chessboard (15/15)

Dungeon Overview and Level Annotations

Branches:
Dungeon (4/15)
 Temple: D:4-7

Altars:
Cheibriados

Annotations:
D:4 Grinder


Message History

Grinder hits you but does no damage. The adder bites you.
You closely miss the adder.
The adder is almost dead.
You slash the ogre! You barely miss Grinder.
The adder bites you but does no damage. The ogre hits you with a +0 giant club!
Grinder gestures at you.
You barely resist. You hit the adder.
The adder suddenly stops moving!
The adder is almost dead.
You hit Grinder.
Grinder's magic leaks into the air.
You barely miss the ogre.
Grinder blinks!
The ogre closely misses you.
The helpless adder fails to defend itself.
You hit the adder.
You kill the adder!
You hit the ogre.
The ogre seems to grow stronger.
You hit the ogre but do no damage.
The ogre is moderately wounded.
Grinder's magic is no longer disrupted.
The ogre hits you with a +0 giant club! Grinder gestures at you.
You resist with significant effort.
You closely miss the ogre.
The ogre is moderately wounded.
You hit the ogre.
The ogre flickers and vanishes!
Deactivating autopickup; reactivate with Ctrl-A.
Something hits you!
3611 ||| DRINKING potion of heal wounds.
You feel much better. Something hits you!!
Ouch! That really hurt!
Grinder hits you.
You writhe in agony.
You hit Grinder.
Grinder is moderately wounded.
You hit something but do no damage.
Nothing appears to happen.
Grinder hits you but does no damage.
You hit Grinder.
Grinder is moderately wounded.
You hit something. Something hits you!!
You feel threatened and lose the ability to drink potions!
You die...

....##...#
..>..+....#
.....##...#
.....##...#
#....##...#
#....##...#
###+######....#....#
.........#....#....##
.......5@{....#.....#
........%#'#####....#
.........#....##'####
.........#..........#
.........#....##'####
..$......#....#...#
###
##.......#....#...#
g$#
#.......#+####...##
.g.# #........
#....##gS


You could see Grinder (strong).

Vanquished Creatures
  Sigmund (D:3)
  A jelly (D:4)
  A hound (D:4)
  5 adders
  7 orcs (D:3)
  6 endoplasms
  3 giant cockroaches
  11 hobgoblins
  4 jackals
  A quokka (D:1)
  8 ball pythons
  5 bats
  3 frilled lizards (D:1)
  6 goblins
  9 kobolds
  5 rats
76 creatures vanquished.

Notes
Turn   | Place    | Note
-------+----------+-------------------------------------------
     0 | D:1      | qw the Barachi Chaos Knight began the quest for the Orb.
     0 | D:1      | Reached XP level 1. HP: 18/18 MP: 1/1
     0 | D:1      | 0 ||| qw: Version: 0.1-a-104-g96f76f8
     0 | D:1      | 0 ||| qw: Game counter: 5922
     0 | D:1      | 0 ||| qw: Always use a shield: true
     0 | D:1      | 0 ||| qw: God list: Okawaru
     0 | D:1      | 0 ||| qw: Allow faded altars: false
     0 | D:1      | 0 ||| qw: Do Orc after D:15 true
     0 | D:1      | 0 ||| qw: Do second Lair branch before Depths: true
     0 | D:1      | 0 ||| qw: Lair rune preference: random
     0 | D:1      | 0 ||| qw: Plans: Normal
     0 | D:1      | 0 ||| PLANNING D:1-11
     0 | D:1      | Fell from the grace of Xom
   347 | D:1      | 347 ||| Stepping ~*~*~tactically~*~*~ (stealth).
   352 | D:1      | Reached XP level 2. HP: 24/24 MP: 2/2
   397 | D:1      | Reached skill level 4 in Axes
   567 | D:1      | XOM: stat loss: -3 Int (9/12)
   967 | D:1      | XOM: give mutations
   967 | D:1      | Gained mutation: You are dopey. (Int -2) [Xom's mischief]
   967 | D:1      | Gained mutation: Your body sometimes deteriorates upon
                  | taking damage. [Xom's mischief]
   967 | D:1      | Gained mutation: You occasionally lose the ability to drink
                  | potions when taking damage. [Xom's mischief]
  1028 | D:1      | Reached XP level 3. HP: 29/29 MP: 3/3
  1085 | D:1      | 1085 ||| UPGRADING to +0 plate armour.
  1095 | D:1      | 1095 ||| DROPPING +2 leather armour.
  1096 | D:1      | 1096 ||| READING scroll labelled KUUH GAGOITT.
  1100 | D:1      | 1100 ||| READING 3 scrolls labelled FAH TODGHEXONATZ.
  1101 | D:1      | 1101 ||| DRINKING 2 lumpy brown potions.
  1102 | D:1      | 1102 ||| READING 2 scrolls of identify.
  1102 | D:1      | 1102 ||| IDENTIFYING grey potion
  1127 | D:2      | 1127 ||| STAIRDANCE
  1152 | D:2      | 1152 ||| STAIRDANCE
  1262 | D:2      | 1262 ||| Stepping ~*~*~tactically~*~*~ (stealth).
  1280 | D:2      | 1280 ||| Stepping ~*~*~tactically~*~*~ (stealth).
  1340 | D:2      | Reached skill level 5 in Axes
  1366 | D:2      | 1366 ||| Stepping ~*~*~tactically~*~*~ (stealth).
  1534 | D:2      | Reached XP level 4. HP: 29/36 MP: 4/4
  1871 | D:2      | Identified the +1 robe of Ignis's Indignation {rC++ rN+
                  | rCorr Dex-4}
  2071 | D:2      | XOM: noise
  2242 | D:2      | 2242 ||| DROPPING scarf of invisibility.
  2243 | D:2      | 2243 ||| READING scroll labelled SEDDOI ZEBBATS.
  2244 | D:2      | 2244 ||| READING scroll labelled UFULUTHIUBB.
  2345 | D:2      | 2345 ||| READING 2 scrolls labelled JIOSTA JADAC.
  2346 | D:2      | 2346 ||| READING scroll of enchant weapon.
  2346 | D:2      | 2346 ||| ENCHANTING +1 hand axe of chaos.
  2347 | D:2      | 2347 ||| DRINKING 2 clear potions.
  2348 | D:2      | 2348 ||| READING 4 scrolls of identify.
  2348 | D:2      | 2348 ||| IDENTIFYING orange potion
  2349 | D:2      | 2349 ||| READING 3 scrolls of identify.
  2349 | D:2      | 2349 ||| IDENTIFYING bubbling red potion
  2350 | D:2      | 2350 ||| READING 2 scrolls of identify.
  2350 | D:2      | 2350 ||| IDENTIFYING golden potion
  2351 | D:2      | 2351 ||| DROPPING potion of invisibility.
  2352 | D:2      | 2352 ||| DROPPING potion of brilliance.
  2412 | D:3      | Noticed Sigmund
  2413 | D:3      | 2413 ||| Stepping ~*~*~tactically~*~*~ (hiding).
  2418 | D:3      | 2418 ||| DRINKING potion of curing.
  2418 | D:3      | 2418 ||| (to cure confusion)
  2426 | D:3      | Killed Sigmund
  2427 | D:3      | Reached skill level 7 in Axes
  2427 | D:3      | Reached XP level 5. HP: 30/41 MP: 5/5
  2427 | D:3      | Reached XP level 6. HP: 34/47 MP: 6/6
  2487 | D:3      | XOM: stat loss: -1 Str (15/16)
  2591 | D:3      | Found a snail-covered altar of Cheibriados.
  2631 | D:3      | 2631 ||| Stepping ~*~*~tactically~*~*~ (stealth).
  2916 | D:3      | 2916 ||| Stepping ~*~*~tactically~*~*~ (stealth).
  3300 | D:3      | Found a faded altar of an unknown god.
  3359 | D:3      | Reached skill level 3 in Armour
  3360 | D:3      | 3360 ||| Stepping ~*~*~tactically~*~*~ (stealth).
  3451 | D:3      | 3451 ||| DROPPING +0 whip.
  3482 | D:3      | 3482 ||| UPGRADING to amulet of regeneration.
  3565 | D:4      | Noticed an orc warrior
  3566 | D:4      | Noticed a water moccasin
  3599 | D:4      | Noticed Grinder
  3610 | D:4      | HP: 4/48 [something (16)]
  3611 | D:4      | 3611 ||| DRINKING potion of heal wounds.
  3614 | D:4      | Demolished by an ogre

Levels and vault maps discovered:
D:1:      ncdulo_lavacross, layout_loops_corners
D:2:      layout_loops_cross, minivault_5, minmay_shallow_snake_nest
D:3:      layout_basic, mainiacjoe_overflow_boulevard,
          hellmonk_ecumenical_altar_leap_of_faith, kennysheep_generic_room_15,
          uniq_sigmund
D:4:      nicolae_cairo_tiling, layout_gridville, serial_shops,
          nicolae_shop_overgrown_old_shop, lightli_corner_chamber, uniq_grinder

Skill      XL: |  1  2  3  4  5  6 |
---------------+-------------------+-----
Axes           | 4 5 7 |  7.5
Armour         | 3 |  3.0
Fighting       | 4 |  4.1
Dodging        | |  1.1

Action                   |  1- 3 |  4- 6 || total
-------------------------+-------+-------++-------
Melee: Hand axe          |   123 |    87 ||   210
       Punch             |       |     1 ||     1
Throw: Boomerang         |       |    28 ||    28
Invok: Renounce Religion |     1 |       ||     1
  Use: Scroll            |     3 |     7 ||    10
       Potion            |     1 |     3 ||     4
 Stab: Paralysed         |       |     1 ||     1
Armor: Leather armour    |    27 |       ||    27
       Plate armour      |    50 |    50 ||   100
Dodge: Dodged            |    55 |    14 ||    69

Table legend:
 A = Non-vault XP
 B = Vault XP
 C = Vault XP percentage of total XP
 D = Non-vault monster count
 E = Vault monster count
 F = Vault count percentage of total count
                 A         B        C        D         E       F
            +---------+---------+-------+---------+---------+-------
      Total |     251 |     261 |  51.0 |      70 |       6 |   7.9
            +---------+---------+-------+---------+---------+-------
        D:1 |      44 |       0 |   0.0 |      29 |       0 |   0.0
        D:2 |      50 |      19 |  27.5 |      15 |       4 |  21.1
        D:3 |      57 |     242 |  80.9 |      21 |       2 |   8.7
        D:4 |     100 |       0 |   0.0 |       5 |       0 |   0.0
            +---------+---------+-------+---------+---------+-------
